 Dungeon Crawl Stone Soup version 0.27.0-1-g7a089689b8 (webtiles) character file.

Game seed: 571507232061453499

193 eggzz the Magician (level 5, -3/28 HPs)
             Began as a Deep Elf Fire Elementalist on Aug 9, 2021.
             Slain by an orc (4 damage)
             ... on level 3 of the Dungeon.
             The game lasted 00:08:09 (3980 turns).

eggzz the Magician (Deep Elf Fire Elementalist)     Turns: 3980, Time: 00:08:10

Health: -3/28      AC:  2    Str:  5    XL:     5   Next: 43%
Magic:  13/13      EV: 12    Int: 21    God:
Gold:   154        SH:  0    Dex: 15    Spells: 12/13 levels left

rFire    . . .     SeeInvis .   b - staff of conjuration
rCold    . . .     Faith    .   (no shield)
rNeg     . . .     Spirit   .   a - +0 robe
rPois    .         Reflect  .   (no helmet)
rElec    .         Harm     .   (no cloak)
rCorr    .         Rampage  .   (no gloves)
Will     .....                  (no boots)
Stlth    +++.......             (no amulet)
HPRegen  0.09/turn              (no ring)
MPRegen  0.13/turn              (no ring)

@: flying
A: no striking features
a: no special abilities


You were on level 3 of the Dungeon.
You visited 1 branch of the dungeon, and saw 4 of its levels.

You collected 154 gold pieces.

Inventory:

Hand Weapons
 d - a +0 dagger
Armour
 a - a +0 robe (worn)
Magical Staves
 b - a staff of conjuration (weapon)
Scrolls
 c - 4 scrolls of noise {unknown}
 e - a scroll of silence {unknown}
 f - a scroll of identify {unknown}
 h - a scroll of enchant weapon {unknown}
 j - a scroll of magic mapping {unknown}
 m - a scroll of teleportation {unknown}
Potions
 i - a potion of heal wounds {unknown}
 k - a potion of berserk rage {unknown}
 l - a potion of mutation {unknown}
 n - a potion of brilliance {unknown}


   Skills:
 - Level 2.4 Dodging
 + Level 4.2 Stealth
 + Level 4.5 Spellcasting
 + Level 3.0 Conjurations
 + Level 4.4 Fire Magic


You had 12 spell levels left.
You knew the following spells:

 Your Spells              Type           Power      Damage    Failure   Level
a - Foxfire               Conj/Fire      100%       2x1d9     2%          1

Your spell library contained the following spells:

 Spells                   Type           Power      Damage    Failure   Level
 Magic Dart               Conj           100%       1d8       3%          1
 Searing Ray              Conj           52%        3d5       4%          2
 Conjure Flame            Conj/Fire      30%        6-21      8%          3
 Inner Flame              Hex/Fire       14%        N/A       14%         3
 Sticky Flame             Conj/Fire      30%        2d5       24%         4
 Fulminant Prism          Conj/Hex       8%         3d7       52%         4
 Fireball                 Conj/Fire      15%        3d8       56%         5


Dungeon Overview and Level Annotations

Branches:
Dungeon (4/15)
 Temple: D:4-7

Altars:
Qazlal


Message History

You kill the orc priest!
Your Conjurations skill increases to level 3!
You climb downwards.
The orc barely misses you.
There is a stone staircase leading up here.
Unknown command.
The orc misses you. The orc closely misses you.
The orc hits you with a +0 mace.
The orc throws a boomerang.
The boomerang barely misses you.
You climb upwards.
There is a stone staircase leading down here.
Casting: Foxfire (safe; 2% risk of failure)
Confirm with . or Enter, or press ? or * to list all spells.
You feel a surge of power!
There is not enough space to conjure foxfire!
Casting: Foxfire (safe; 2% risk of failure)
Confirm with . or Enter, or press ? or * to list all spells.
You feel a surge of power!
There is not enough space to conjure foxfire!
You barely miss the orc. The orc hits you with a +0 club.
The orc barely misses you. x2
Unknown command.
You hit the orc but do no damage. The orc misses you.
The orc barely misses you.
The orc closely misses you. x2; The orc misses you.
You hit the orc but do no damage. The orc hits you with a +0 mace.
The orc hits you with a +0 club. The orc hits you with a +0 morningstar.
The orc barely misses you.
You hit the orc.
The orc is heavily wounded.
The orc hits you but does no damage. The orc hits you with a +0 morningstar.
* * * LOW HITPOINT WARNING * * *
The orc hits you with a +0 mace!
* * * LOW HITPOINT WARNING * * *
Unknown command.
Okay, then.
Okay, then.
It was a potion of flight.
You feel very buoyant.
You fly up into the air.
The orc closely misses you. The orc barely misses you.
The orc hits you with a +0 mace.
You die...

...........##....#
............#....#
............#....#
............#....#
###.........##...#
#.........###..#
#.........# #..#
#.........# #oo#
#.........# #o@#
#.........# ####
#.........#
#.......).#
###########


You could see 3 orcs.

Vanquished Creatures
  An orc priest (D:3)
  An orc wizard (D:3)
  5 adders
  A worm (D:2)
  5 dart slugs
  2 orcs (D:3)
  7 ball pythons
  6 endoplasms
  A giant cockroach (D:2)
  8 goblins
  6 hobgoblins
  7 jackals
  4 kobolds
  6 quokkas
  4 bats
  7 frilled lizards
  5 rats
76 creatures vanquished.

Vanquished Creatures (others)
  234 foxfires
234 creatures vanquished.

Grand Total: 310 creatures vanquished

Notes
Turn   | Place    | Note
-------+----------+-------------------------------------------
     0 | D:1      | eggzz the Deep Elf Fire Elementalist began the quest for
                  | the Orb.
     0 | D:1      | Reached XP level 1. HP: 10/10 MP: 6/6
   527 | D:1      | Reached XP level 2. HP: 14/15 MP: 5/8
   898 | D:1      | Reached XP level 3. HP: 19/19 MP: 6/10
  2558 | D:2      | Reached XP level 4. HP: 24/24 MP: 7/11
  3277 | D:3      | Found a stormy altar of Qazlal.
  3355 | D:3      | Reached XP level 5. HP: 28/28 MP: 5/13
  3979 | D:3      | HP: 1/28 [orc (7)]
  3980 | D:3      | Slain by an orc

Illustrated notes

Levels and vault maps discovered:
D:1:      dpeg_arrival_three_bigger_balls, layout_basic
D:2:      layout_basic
D:3:      layout_basic, old_standard_altar
D:4:      layout_rooms, kennysheep_orc_chapel

Skill      XL: |  1  2  3  4  5 |
---------------+----------------+-----
Stealth        | 3 4 |  4.2
Conjurations   | 2 3 |  3.0
Fire Magic     | 4 |  4.4
Spellcasting   | 4 |  4.5
Dodging        | |  2.4

Action                   |  1- 3 |  4- 6 || total
-------------------------+-------+-------++-------
Melee: Staff             |     2 |     4 ||     6
 Cast: Foxfire           |    91 |    56 ||   147
  Use: Potion            |       |     1 ||     1
Armor: Robe              |     4 |     1 ||     5
Dodge: Dodged            |    16 |    17 ||    33
